Workbook

Sheet PLANILHA ORÇ.
A1: PREFEITURA MUNICIPAL DE VILA PAVÃO
A2: OBRA: AMPLIAÇÃO DA ESCOLA LUIZA DE SOUZA BARROS DE TODOS OS SANTOS, VILA PAVÃO, ES
A3: PLANILHA ORÇAMENTÁRIA
A5: LOCAL: | B5: RUA: ARMANDO LOBATO, TODOS OS SANTOS, VILA PAVÃO/ES | F5: BDI: | G5: =BDI!C37 -> 0.31822272
F6: BDI Diferenciado: | G6: 0.1557
A7: TABELA: | B7: SINAPI | F7: DATA BASE: | G7: 45047
B8: DER-ES | F8: DATA BASE: | G8: 45047
B9: SEINFRA | F9: DATA BASE: | G9: 44256
A11: ITEM | B11: CODIGO | C11: TABELA | D11: ESPECIFICAÇÕES DOS SERVIÇOS | E11: UND | F11: QUANT. | G11: UNIT. | H11: TOTAL | I11: VALORES SEM BDI
A12: 1.0 | D12: SERVIÇOES PRELIMINARES
A13: 1.1 | B13: 10501 | C13: DER-ES | D13: Locação de obra com gabarito de madeira | E13: m² | F13: ='MEMÓRIA DE CALC.'!F7 -> 123.23 | G13: =ROUND(I13+(I13*$G$5),2) -> 15.33 | H13: =ROUND(G13*F13,2) -> 1889.12 | I13: 11.63 | J13: =H13/$H$133 -> 0.0039965113
A14: 1.2 | B14: 20305 | C14: DER-ES | D14: Placa de obra nas dimensões de 2.0 m, padrão DER | E14: m² | F14: ='MEMÓRIA DE CALC.'!H10 -> 6 | G14: =ROUND(I14+(I14*$G$5),2) -> 443.38 | H14: =ROUND(G14*F14,2) -> 2660.28 | I14: 336.35 | J14: =H14/$H$133 -> 0.0056279321
A15: 1.3 | B15: 20702 | C15: DER-ES | D15: Barracão para almoxarifado área de 10.90m2, de chapa de compensado de 12mm e pontalete 8x8cm, piso cimentado e cobertura de telhas de fibrocimento de 6mm, incl. ponto de luz, conf. projeto (1 utilização) | E15: m² | F15: ='MEMÓRIA DE CALC.'!H13 -> 10.9 | G15: =ROUND(I15+(I15*$G$5),2) -> 845.64 | H15: =ROUND(G15*F15,2) -> 9217.48 | I15: 641.5 | J15: =H15/$H$133 -> 0.019499959
A16: 1.4 | B16: 20703 | C16: DER-ES | D16: Barracão para depósito de cimento área de 10.90m2, de chapa de compensado 12mm e pontaletes 8x8cm, piso cimentado e cobertura de telhas de fibrocimento de 6mm, inclusive ponto de luz, conf. projeto (1 vez) | E16: m³ | F16: ='MEMÓRIA DE CALC.'!H16 -> 10.9 | G16: =ROUND(I16+(I16*$G$5),2) -> 739.85 | H16: =ROUND(G16*F16,2) -> 8064.37 | I16: 561.25 | J16: =H16/$H$133 -> 0.017060507
A17: 1.6 | B17: 20350 | C17: DER-ES | D17: Tapume Telha Metálica Ondulada 0,50mm Branca h=2,20m, incl. montagem estr. mad. 8"x8", c/adesivo "IOPES" 60x60cm a cada 10m, incl. faixas pint. esmalte sint. cores azul c/ h=30cm e rosa c/ h=10cm | E17: m | F17: ='MEMÓRIA DE CALC.'!F20 -> 50 | G17: =ROUND(I17+(I17*$G$5),2) -> 258.75 | H17: =ROUND(G17*F17,2) -> 12937.5 | I17: 196.29 | J17: =H17/$H$133 -> 0.027369815
A18: SubTotal (1.0): | H18: =SUM(H13:H17) -> 34768.75
A19: 2.0 | D19: MOVIMENTO DE TERRA | J19: =H19/$H$133 -> 0
A20: 2.1 | B20: 30101 | C20: DER-ES | D20: Escavação manual em material de 1a. categoria, até 1.50 m de profundidade | E20: m³ | F20: =ROUND('MEMÓRIA DE CALC.'!J45,2) -> 20.62 | G20: =ROUND(I20+(I20*$G$5),2) -> 72.32 | H20: =ROUND(F20*G20,2) -> 1491.24 | I20: 54.86 | J20: =H20/$H$133 -> 0.0031547797
A21: 2.2 | B21: 30201 | C21: DER-ES | D21: Reaterro apiloado de cavas de fundação, em camadas de 20 cm | E21: m³ | F21: ='MEMÓRIA DE CALC.'!H48 -> 14.30565 | G21: =ROUND(I21+(I21*$G$5),2) -> 77.88 | H21: =ROUND(F21*G21,2) -> 1114.12 | I21: 59.08 | J21: =H21/$H$133 -> 0.0023569668
A22: SubTotal (2.0): | H22: =SUM(H20:H21) -> 2605.36
A23: 3.0 | D23: INFRA-ESTRUTURA | J23: =H23/$H$133 -> 0
A24: 3.1 | B24: 40231 | C24: DER-ES | D24: Fornecimento, preparo e aplicação de concreto magro com consumo mínimo de cimento de 250 kg/m3 (brita 1 e 2) - (5% de perdas já incluído no custo) | E24: m³ | F24: =ROUND('MEMÓRIA DE CALC.'!J73,2) -> 1.19 | G24: =ROUND(I24+(I24*$G$5),2) -> 857.04 | H24: =ROUND(G24*F24,2) -> 1019.88 | I24: 650.15 | J24: =H24/$H$133 -> 0.0021575982
A25: 3.2 | B25: 40243 | C25: DER-ES | D25: Fornecimento, dobragem e colocação em fôrma, de armadura CA-50 A média, diâmetro de 6.3 a 10.0 mm | E25: kg | F25: ='MEMÓRIA DE CALC.'!I105 -> 476.74603 | G25: =ROUND(I25+(I25*$G$5),2) -> 14.78 | H25: =ROUND(G25*F25,2) -> 7046.31 | I25: 11.21 | J25: =H25/$H$133 -> 0.01490676
A26: 3.3 | B26: 40246 | C26: DER-ES | D26: Fornecimento, dobragem e colocação em fôrma, de armadura CA-60 B fina, diâmetro de 4.0 a 7.0mm | E26: kg | F26: ='MEMÓRIA DE CALC.'!K133 -> 77.14476 | G26: =ROUND(I26+(I26*$G$5),2) -> 15.49 | H26: =ROUND(G26*F26,2) -> 1194.97 | I26: 11.75 | J26: =H26/$H$133 -> 0.0025280083
A27: 3.4 | B27: 40238 | C27: DER-ES | D27: Fôrma de chapa compensada resinada 12mm, levando-se em conta a utilização 3 vezes (incluido o material, corte, montagem, escoramento e desfôrma) | E27: m² | F27: =ROUND('MEMÓRIA DE CALC.'!J159,2) -> 66.58 | G27: =ROUND(I27+(I27*$G$5),2) -> 113.99 | H27: =ROUND(G27*F27,2) -> 7589.45 | I27: 86.47 | J27: =H27/$H$133 -> 0.016055795
A28: 3.5 | B28: 40237 | C28: DER-ES | D28: Fornecimento, preparo e aplicação de concreto Fck = 25 MPa (com brita 1 e 2) - (5% de perdas já incluído no custo) | E28: m³ | F28: =ROUND('MEMÓRIA DE CALC.'!J186,2) -> 6.32 | G28: =ROUND(I28+(I28*$G$5),2) -> 945.35 | H28: =ROUND(G28*F28,2) -> 5974.61 | I28: 717.14 | J28: =H28/$H$133 -> 0.012639534
A29: SubTotal (3.0): | H29: =SUM(H24:H28) -> 22825.22
A30: 4.0 | D30: SUPER-ESTRUTURA | J30: =H30/$H$133 -> 0
A31: 4.1 | B31: 101792 | C31: SINAPI | D31: Escoramento de fôrmas de laje em madeira não aparelhada, pé-direito simples, incluso travamento, 4 utilizações. Af_09/2020 | E31: m³ | F31: ='MEMÓRIA DE CALC.'!H190 -> 15.18 | G31: =ROUND(I31+(I31*$G$5),2) -> 22.52 | H31: =ROUND(G31*F31,2) -> 341.85 | I31: 17.08 | J31: =H31/$H$133 -> 0.00072319778
A32: 4.2 | B32: 40601 | C32: DER-ES | D32: Laje pré-fabricada treliçada para forro simples revestido, vão até 3.5m, capeamento 2cm, esp. 10cm, Fck = 150Kg/cm2 | E32: m² | F32: ='MEMÓRIA DE CALC.'!F193 -> 5.06 | G32: =ROUND(I32+(I32*$G$5),2) -> 158.89 | H32: =ROUND(G32*F32,2) -> 803.98 | I32: 120.53 | J32: =H32/$H$133 -> 0.0017008529
A33: 4.3 | B33: 40243 | C33: DER-ES | D33: Fornecimento, dobragem e colocação em fôrma, de armadura CA-50 A média, diâmetro de 6.3 a 10.0 mm | E33: kg | F33: ='MEMÓRIA DE CALC.'!I218 -> 485.25693 | G33: =ROUND(I33+(I33*$G$5),2) -> 14.78 | H33: =ROUND(G33*F33,2) -> 7172.1 | I33: 11.21 | J33: =H33/$H$133 -> 0.015172873
A34: 4.4 | B34: 40246 | C34: DER-ES | D34: Fornecimento, dobragem e colocação em fôrma, de armadura CA-60 B fina, diâmetro de 4.0 a 7.0mm | E34: kg | F34: ='MEMÓRIA DE CALC.'!K244 -> 99.918896 | G34: =ROUND(I34+(I34*$G$5),2) -> 15.49 | H34: =ROUND(G34*F34,2) -> 1547.74 | I34: 11.75 | J34: =H34/$H$133 -> 0.0032743078
A35: 4.5 | B35: 40238 | C35: DER-ES | D35: Fôrma em chapa de madeira compensada plastificada 12mm para estrutura em geral, 5 reaproveitamentos, reforçada com sarrafos de madeira 2.5x10cm (incl material, corte, montagem, escoras em eucalipto e desforma) | E35: m² | F35: ='MEMÓRIA DE CALC.'!K266 -> 92.142 | G35: =ROUND(I35+(I35*$G$5),2) -> 137.02 | H35: =ROUND(G35*F35,2) -> 12625.3 | I35: 103.94 | J35: =H35/$H$133 -> 0.026709343
A36: 4.6 | B36: 40237 | C36: DER-ES | D36: Fornecimento e aplicação de concreto USINADO Fck=25 MPa - considerando BOMBEAMENTO (5% de perdas já incluído no custo) (6% de taxa p/concr.bombeavel) | E36: m³ | F36: ='MEMÓRIA DE CALC.'!J289 -> 5.77115 | G36: =ROUND(I36+(I36*$G$5),2) -> 820.74 | H36: =ROUND(G36*F36,2) -> 4736.61 | I36: 622.61 | J36: =H36/$H$133 -> 0.010020494
A37: SubTotal (4.0): | H37: =SUM(H31:H36) -> 27227.58
A38: 5.0 | D38: VERGA/ALVENARIA | J38: =H38/$H$133 -> 0
A39: 5.1 | B39: 50608 | C39: DER-ES | D39: Alvenaria de blocos cerâmicos 10 furos 10x20x20cm, assentados c/argamassa de cimento, cal hidratada CH1 e areia traço 1:0,5:8, juntas 12mm e espessura das paredes, s/revestimento, 20cm (bloco comprado fábrica,posto obra) | E39: m² | F39: =ROUND('MEMÓRIA DE CALC.'!J348,2) -> 233.16 | G39: =ROUND(I39+(I39*$G$5),2) -> 150 | H39: =ROUND(G39*F39,2) -> 34974 | I39: 113.79 | J39: =H39/$H$133 -> 0.07398894
A40: 5.2 | B40: 50301 | C40: DER-ES | D40: Verga/contraverga reta de concreto armado 10 x 5 cm, Fck = 15 MPa, inclusive forma, armação e desforma | E40: m | F40: ='MEMÓRIA DE CALC.'!J366 -> 56.4 | G40: =ROUND(I40+(I40*$G$5),2) -> 12.97 | H40: =ROUND(G40*F40,2) -> 731.51 | I40: 9.84 | J40: =H40/$H$133 -> 0.0015475396
A41: SubTotal (5.0): | H41: =SUM(H39:H40) -> 35705.51
A42: 6.0 | D42: ESQUADRIAS DE MADEIRAS | J42: =H42/$H$133 -> 0
A43: 6.1 | B43: 60103 | C43: DER-ES | D43: Marco de madeira de lei de 1ª (Peroba, Ipê, Angelim Pedra ou equivalente) com 15x3 cm de batente, nas dimensões de 0.80 x 2.10 m | E43: unid | F43: ='MEMÓRIA DE CALC.'!F370 -> 5 | G43: =ROUND(I43+(I43*$G$5),2) -> 534.22 | H43: =ROUND(G43*F43,2) -> 2671.1 | I43: 405.26 | J43: =H43/$H$133 -> 0.0056508223
A44: 6.2 | B44: 61303 | C44: DER-ES | D44: Porta em madeira de lei tipo angelim pedra ou equiv.c/enchimento em madeira 1a.qualidade esp. 30mm p/ pintura, inclusive alizares, dobradiças e fechadura externa em latão cromado LaFonte ou equiv., exclusive marco, nas dim.: 0.80 x 2.10 m | E44: unid | F44: ='MEMÓRIA DE CALC.'!F373 -> 5 | G44: =ROUND(I44+(I44*$G$5),2) -> 1428.58 | H44: =ROUND(G44*F44,2) -> 7142.9 | I44: 1083.72 | J44: =H44/$H$133 -> 0.0151111
A45: SubTotal (6.0): | H45: =SUM(H43:H44) -> 9814
A46: 7.0 | D46: ESQUADRIAS DE METAL | J46: =H46/$H$133 -> 0
A47: 7.1 | B47: 71702 | C47: DER-ES | D47: Báscula para vidro em alumínio anodizado cor natural, linha 25, completa, com tranca, caixilho, alizar e contramarco, exclusive vidro | E47: m² | F47: ='MEMÓRIA DE CALC.'!J380 -> 2.24 | G47: =ROUND(I47+(I47*$G$5),2) -> 719.53 | H47: =ROUND(G47*F47,2) -> 1611.75 | I47: 545.83 | J47: =H47/$H$133 -> 0.0034097236
A48: 7.2 | B48: 71701 | C48: DER-ES | D48: Janela de correr para vidro em alumínio anodizado cor natural, linha 25, completa, incl. puxador com tranca, alizar, caixilho e contramarco, exclusive vidro | E48: m² | F48: ='MEMÓRIA DE CALC.'!J385 -> 11 | G48: =ROUND(I48+(I48*$G$5),2) -> 684.01 | H48: =ROUND(G48*F48,2) -> 7524.11 | I48: 518.89 | J48: =H48/$H$133 -> 0.015917565
A49: 7.3 | B49: 71105 | C49: DER-ES | D49: Grade de ferro em barra chata, inclusive chumbamento | E49: m² | F49: ='MEMÓRIA DE CALC.'!J388 -> 16.56 | G49: =ROUND(I49+(I49*$G$5),2) -> 477.39 | H49: =ROUND(G49*F49,2) -> 7905.58 | I49: 362.15 | J49: =H49/$H$133 -> 0.016724581
A50: 7.4 | B50: 71104 | C50: DER-ES | D50: Portão de ferro de abrir em barra chata, inclusive chumbamento | E50: m² | F50: ='MEMÓRIA DE CALC.'!J391 -> 3.15 | G50: =ROUND(I50+(I50*$G$5),2) -> 791.65 | H50: =ROUND(G50*F50,2) -> 2493.7 | I50: 600.54 | J50: =H50/$H$133 -> 0.0052755252
A51: SubTotal (7.0): | H51: =SUM(H47:H50) -> 19535.14
A52: 8.0 | D52: VIDROS/ESPELHOS | J52: =H52/$H$133 -> 0
A53: 8.1 | B53: 80102 | C53: DER-ES | D53: Vidro plano transparente liso, com 4 mm de espessura | E53: m² | F53: ='MEMÓRIA DE CALC.'!H398 -> 13.24 | G53: =ROUND(I53+(I53*$G$5),2) -> 355.49 | H53: =ROUND(G53*F53,2) -> 4706.69 | I53: 269.67 | J53: =H53/$H$133 -> 0.0099571969
A54: 8.2 | B54: 80201 | C54: DER-ES | D54: Espelho para banheiros espessura 4 mm, incluindo chapa compensada 10 mm, moldura de alumínio em perfil L 3/4", fixado com parafusos cromados | E54: m² | F54: ='MEMÓRIA DE CALC.'!H403 -> 0.96 | G54: =ROUND(I54+(I54*$G$5),2) -> 768.5 | H54: =ROUND(G54*F54,2) -> 737.76 | I54: 582.98 | J54: =H54/$H$133 -> 0.0015607617
A55: SubTotal (8.0): | H55: =SUM(H53:H54) -> 5444.45
A56: 9.0 | D56: COBERTURA | J56: =H56/$H$133 -> 0
A57: 9.1 | B57: 90104 | C57: DER-ES | D57: Estrutura de madeira de lei tipo Paraju, peroba mica, angelim pedra ou equivalente para telhado de telhas cerâmicas tipo capa e canal c/ tesouras, pilares, vigas, terças, caibros e ripas, incl. trat. c/cupinicida, exclusive telhas | E57: m² | F57: ='MEMÓRIA DE CALC.'!F408 -> 152.29 | G57: =ROUND(I57+(I57*$G$5),2) -> 605.01 | H57: =ROUND(G57*F57,2) -> 92136.97 | I57: 458.96 | J57: =H57/$H$133 -> 0.19491956
A58: 9.2 | B58: 90211 | C58: DER-ES | D58: Cobertura nova de telhas cerâmicas tipo capa e canal inclusive cumeeira (telhas compradas na praça de Vitória, posto obra) (área de projeção horizontal; incl. 35%) | E58: m² | F58: ='MEMÓRIA DE CALC.'!F412 -> 152.29 | G58: =ROUND(I58+(I58*$G$5),2) -> 226.19 | H58: =ROUND(G58*F58,2) -> 34446.48 | I58: 171.59 | J58: =H58/$H$133 -> 0.07287295
A59: SubTotal (9.0): | H59: =SUM(H57:H58) -> 126583.45
A60: 10.0 | D60: REVESTIMENTO DE TETO | J60: =H60/$H$133 -> 0
A61: 10.1 | B61: 110201 | C61: DER-ES | D61: Forro de gesso acabamento tipo liso | E61: m² | F61: =ROUND('MEMÓRIA DE CALC.'!H422,2) -> 76.53 | G61: =ROUND(I61+(I61*G5),2) -> 66.57 | H61: =ROUND(G61*F61,2) -> 5094.6 | I61: 50.5 | J61: =H61/$H$133 -> 0.010777836
A62: SubTotal (10.0): | H62: =SUM(H61) -> 5094.6
A63: 11.0 | D63: REVESTIMENTO DE PAREDES | J63: =H63/$H$133 -> 0
A64: 11.1 | B64: 120101 | C64: DER-ES | D64: Chapisco de argamassa de cimento e areia média ou grossa lavada, no traço 1:3, espessura 5 mm | E64: m² | F64: =ROUND('MEMÓRIA DE CALC.'!H426,2) -> 466.32 | G64: =ROUND(I64+(I64*$G$5),2) -> 9.37 | H64: =ROUND(G64*F64,2) -> 4369.42 | I64: 7.11 | J64: =H64/$H$133 -> 0.0092436883
A65: 11.2 | B65: 110301 | C65: DER-ES | D65: Emboço de argamassa de cimento, cal hidratada CH1 e areia média ou grossa lavada no traço 1:0.5:6, espessuara 20mm | E65: m² | F65: =ROUND('MEMÓRIA DE CALC.'!K456,2) -> 161.18 | G65: =ROUND(I65+(I65*$G$5),2) -> 50.26 | H65: =ROUND(G65*F65,2) -> 8100.91 | I65: 38.13 | J65: =H65/$H$133 -> 0.017137809
A66: 11.3 | B66: 160711 | C66: DER-ES | D66: Reboco tipo paulista com argamassa de cimento, cal hidratada CH1 e areia no traço 1:0,5:6, espessura 25mm | E66: m² | F66: =ROUND('MEMÓRIA DE CALC.'!H459,2) -> 305.14 | G66: =ROUND(I66+(I66*$G$5),2) -> 76.47 | H66: =ROUND(G66*F66,2) -> 23334.06 | I66: 58.01 | J66: =H66/$H$133 -> 0.049364167
A67: 11.4 | B67: 87273 | C67: SINAPI | D67: Revestimento cerâmico para paredes internas com placas tipo esmaltada extra de dimensões 33x45 cm aplicadas em ambientes de área maior que 5 m² na altura inteira das paredes. AF_06/2014 | E67: m² | F67: ='MEMÓRIA DE CALC.'!H476 -> 42.32 | G67: =ROUND(I67+(I67*$G$5),2) -> 94.24 | H67: =ROUND(G67*F67,2) -> 3988.24 | I67: 71.49 | J67: =H67/$H$133 -> 0.0084372863
A68: 11.5 | B68: 120232 | C68: DER-ES | D68: Cerâmica 10 x 10 cm, ref Camburi branco Eliane, Cecrisa ou Portobello, empregando argamassa colante, inclusive rejuntamento junta plus cinza claro esp. 3 mm | E68: m² | F68: =ROUND('MEMÓRIA DE CALC.'!J497,2) -> 75.36 | G68: =ROUND(I68+(I68*$G$5),2) -> 124.95 | H68: =ROUND(G68*F68,2) -> 9416.23 | I68: 94.79 | J68: =H68/$H$133 -> 0.019920423
A69: SubTotal (11.0): | H69: =SUM(H64:H68) -> 49208.86
A70: 12.0 | D70: PISOS | J70: =H70/$H$133 -> 0
A71: 12.1 | B71: 130103 | C71: DER-ES | D71: Regularização de base p/ revestimento cerâmico, com argamassa de cimento e areia no traço 1:5, espessuara 3 cm | E71: m² | F71: ='MEMÓRIA DE CALC.'!H510 -> 116.56 | G71: =ROUND(I71+(I71*$G$5),2) -> 32.49 | H71: =ROUND(G71*F71,2) -> 3787.03 | I71: 24.65 | J71: =H71/$H$133 -> 0.0080116182
A72: 12.2 | B72: 130112 | C72: DER-ES | D72: Lastro de concreto não estrutural, espessura de 6 cm | E72: m² | F72: ='MEMÓRIA DE CALC.'!F513 -> 116.56 | G72: =ROUND(I72+(I72*$G$5),2) -> 65.77 | H72: =ROUND(G72*F72,2) -> 7666.15 | I72: 49.89 | J72: =H72/$H$133 -> 0.016218057
A73: 12.3 | B73: 130234 | C73: DER-ES | D73: Porcelanato natural, acabamento acetinado, dim. 60x60cm, ref. Platina na Eliane/equiv. utilizando dupla colagem de argamassa colante para porcelanato tipo ACIII e rejunte 1mm para porcelanato | E73: m² | F73: =ROUND('MEMÓRIA DE CALC.'!F516,2) -> 111.03 | G73: =ROUND(I73+(I73*$G$5),2) -> 269.5 | H73: =ROUND(G73*F73,2) -> 29922.59 | I73: 204.44 | J73: =H73/$H$133 -> 0.063302474
A74: 12.4 | B74: 130308 | C74: DER-ES | D74: Soleira de granito esp. 2 cm e largura de 15 cm | E74: m | F74: ='MEMÓRIA DE CALC.'!H521 -> 4 | G74: =ROUND(I74+(I74*$G$5),2) -> 67.4 | H74: =ROUND(G74*F74,2) -> 269.6 | I74: 51.13 | J74: =H74/$H$133 -> 0.00057034992
A75: 12.5 | B75: 130317 | C75: DER-ES | D75: Peitoril de granito cinza polido, 15 cm, esp. 3cm | E75: m | F75: ='MEMÓRIA DE CALC.'!H535 -> 20.4 | G75: =ROUND(I75+(I75*$G$5),2) -> 107.82 | H75: =ROUND(G75*F75,2) -> 2199.53 | I75: 81.79 | J75: =H75/$H$133 -> 0.0046531965
A76: 12.6 | B76: 94992 | C76: SINAPI | D76: Execução de passeio (calçada) ou piso de concreto com concreto moldado in loco, feito em obra, acabamento convencional, espessura 6 cm, armado. Af_08/2022 | E76: M² | F76: =ROUND('MEMÓRIA DE CALC.'!H542,2) -> 58.58 | G76: =ROUND(I76+(I76*$G$5),2) -> 124.43 | H76: =ROUND(G76*F76,2) -> 7289.11 | I76: 94.39 | J76: =H76/$H$133 -> 0.015420413
A77: 12.7 | B77: 200253 | C77: DER-ES | D77: Fornecimento e assentamento de ladrilho hidráulico pastilhado, vermelho, dim. 20x20 cm, esp. 1.5cm, assentado com pasta de cimento colante, exclusive regularização e lastro | E77: m² | F77: =ROUND('MEMÓRIA DE CALC.'!H546,2) -> 5.53 | G77: =ROUND(I77+(I77*$G$5),2) -> 128.84 | H77: =ROUND(G77*F77,2) -> 712.49 | I77: 97.74 | J77: =H77/$H$133 -> 0.001507302
A78: SubTotal (12.0): | H78: =SUM(H71:H77) -> 51846.5
A79: 13.0 | D79: PONTOS HIDRO-SANITÁRIOS | J79: =H79/$H$133 -> 0
A80: 13.1 | B80: 140701 | C80: DER-ES | D80: Ponto de água fria (lavatório, tanque, pia de cozinha, etc...) | E80: und | F80: ='MEMÓRIA DE CALC.'!F554 -> 7 | G80: =ROUND(I80+(I80*$G$5),2) -> 145.69 | H80: =ROUND(G80*F80,2) -> 1019.83 | I80: 110.52 | J80: =H80/$H$133 -> 0.0021574924
A81: 13.2 | B81: 170319 | C81: DER-ES | D81: Registro de gaveta bruto diam. 15mm (1/2") | E81: und | F81: ='MEMÓRIA DE CALC.'!F558 -> 3 | G81: =ROUND(I81+(I81*$G$5),2) -> 77.38 | H81: =ROUND(G81*F81,2) -> 232.14 | I81: 58.7 | J81: =H81/$H$133 -> 0.00049110175
A82: 13.3 | B82: 170329 | C82: DER-ES | D82: Registro de gaveta com canopla cromada diam. 25mm (1"), marcas de referência Fabrimar, Deca ou Docol | E82: und | F82: ='MEMÓRIA DE CALC.'!F562 -> 3 | G82: =ROUND(I82+(I82*$G$5),2) -> 190.39 | H82: =ROUND(G82*F82,2) -> 571.17 | I82: 144.43 | J82: =H82/$H$133 -> 0.0012083337
A83: 13.4 | B83: 140705 | C83: DER-ES | D83: Ponto para esgoto primário (vaso sanitário) | E83: und | F83: ='MEMÓRIA DE CALC.'!F567 -> 2 | G83: =ROUND(I83+(I83*$G$5),2) -> 181.97 | H83: =ROUND(G83*F83,2) -> 363.94 | I83: 138.04 | J83: =H83/$H$133 -> 0.00076993009
A84: 13.5 | B84: 140706 | C84: DER-ES | D84: Ponto para esgoto secundário (pia, lavatório, mictório, tanque, bidê, etc...) | E84: und | F84: ='MEMÓRIA DE CALC.'!F573 -> 3 | G84: =ROUND(I84+(I84*$G$5),2) -> 132.94 | H84: =ROUND(G84*F84,2) -> 398.82 | I84: 100.85 | J84: =H84/$H$133 -> 0.00084372016
A85: 13.6 | B85: 140903 | C85: DER-ES | D85: Tubo PVC rígido para esgoto no diâmetro de 100mm incluindo escavação e aterro com areia | E85: m | F85: ='MEMÓRIA DE CALC.'!F576 -> 34.04 | G85: =ROUND(I85+(I85*$G$5),2) -> 93.32 | H85: =ROUND(G85*F85,2) -> 3176.61 | I85: 70.79 | J85: =H85/$H$133 -> 0.0067202495
A86: 13.7 | B86: 89712 | C86: SINAPI | D86: Tubo pvc, serie normal, esgoto predial, dn 50 mm, fornecido e instalado em ramal de descarga ou ramal de esgoto sanitário. Af_08/2022 | E86: m | F86: ='MEMÓRIA DE CALC.'!F578 -> 2.66 | G86: =ROUND(I86+(I86*$G$5),2) -> 41.76 | H86: =ROUND(G86*F86,2) -> 111.08 | I86: 31.68 | J86: =H86/$H$133 -> 0.00023499432
A87: 13.8 | B87: 89711 | C87: SINAPI | D87: Tubo pvc, serie normal, esgoto predial, dn 40 mm, fornecido e instalado em ramal de descarga ou ramal de esgoto sanitário. Af_08/2022 | E87: m | F87: ='MEMÓRIA DE CALC.'!F580 -> 7.88 | G87: =ROUND(I87+(I87*$G$5),2) -> 31.14 | H87: =ROUND(G87*F87,2) -> 245.38 | I87: 23.62 | J87: =H87/$H$133 -> 0.00051911151
A88: 13.9 | B88: 141101 | C88: DER-ES | D88: Caixas de inspeção de alv. blocos concreto 9x19x39cm, dim, 60x60cm e Hmáx = 1m, com tampa de conc. esp. 5cm, lastro de conc. esp. 10cm, revest intern. c/ chapisco e reboco impermeabilizado, incl. escavação, reaterro e enchimento | E88: und | F88: ='MEMÓRIA DE CALC.'!F583 -> 1 | G88: =ROUND(I88+(I88*$G$5),2) -> 762.74 | H88: =ROUND(G88*F88,2) -> 762.74 | I88: 578.61 | J88: =H88/$H$133 -> 0.0016136079
A89: 13.10 | B89: 141522 | C89: DER-ES | D89: Adaptador de PVC soldável com flanges livres para caixa d'água, diâmetro 25mm (3/4") | E89: und | F89: ='MEMÓRIA DE CALC.'!F586 -> 3 | G89: =ROUND(I89+(I89*$G$5),2) -> 27.58 | H89: =ROUND(G89*F89,2) -> 82.74 | I89: 20.92 | J89: =H89/$H$133 -> 0.00017503988
A90: 13.11 | B90: 142119 | C90: DER-ES | D90: Torneira de bóia de PVC, diâm. 3/4" (20mm) | E90: und | F90: ='MEMÓRIA DE CALC.'!F589 -> 1 | G90: =ROUND(I90+(I90*$G$5),2) -> 135.46 | H90: =ROUND(G90*F90,2) -> 135.46 | I90: 102.76 | J90: =H90/$H$133 -> 0.00028657122
A91: 13.12 | B91: 141410 | C91: DER-ES | D91: Tubo de PVC rígido soldável marrom, diâm. 25mm (3/4"), inclusive conexões | E91: m | F91: ='MEMÓRIA DE CALC.'!F592 -> 27.69 | G91: =ROUND(I91+(I91*$G$5),2) -> 36.3 | H91: =ROUND(G91*F91,2) -> 1005.15 | I91: 27.54 | J91: =H91/$H$133 -> 0.0021264363
A92: SubTotal (13.0): | H92: =SUM(H80:H91) -> 8105.06
A93: 14.0 | D93: APARELHOS SANITARIOS | J93: =H93/$H$133 -> 0
A94: 14.1 | B94: 170120 | C94: DER-ES | D94: Lavatório com coluna suspensa padrão popular, marcas de referência Deca, Celite ou Ideal Standard, inclusive acessórios em PVC, exceto aparelho misturador(Para Portadores de necessidades especiais) | E94: und | F94: ='MEMÓRIA DE CALC.'!F599 -> 2 | G94: =ROUND(I94+(I94*$G$5),2) -> 488.92 | H94: =ROUND(G94*F94,2) -> 977.84 | I94: 370.89 | J94: =H94/$H$133 -> 0.0020686609
A95: 14.2 | B95: 86915 | C95: DER-ES | D95: Torneira cromada de mesa, 1/2 ou 3/4, para lavatório, padrão médio -fornecimento e instalação. Af_01/2020 | E95: und | F95: ='MEMÓRIA DE CALC.'!F604 -> 2 | G95: =ROUND(I95+(I95*$G$5),2) -> 148.63 | H95: =ROUND(G95*F95,2) -> 297.26 | I95: 112.75 | J95: =H95/$H$133 -> 0.00062886579
A96: 14.3 | B96: 170135 | C96: DER-ES | D96: Bacia sifonada de louça branca para portadores de necessidades especiais, Vogue Plus Conforto - Linha Conforto, mod P51, incl. assento com abertura frontal, ref.AP52,marca de ref. Deca ou equivalente | E96: und | F96: ='MEMÓRIA DE CALC.'!F609 -> 2 | G96: =ROUND(I96+(I96*$G$5),2) -> 4209.85 | H96: =ROUND(G96*F96,2) -> 8419.7 | I96: 3193.58 | J96: =H96/$H$133 -> 0.017812223
A97: 14.4 | B97: 170614 | C97: DER-ES | D97: Conjunto Barra de apoio barra de apoio lateral, formato "U", em aço inox polido 304 Ø 1.1/4" dim. comprimento médio 30 p/ lavatório, p/ portadores de necessidades especiais (NBR 9050) | E97: und | F97: ='MEMÓRIA DE CALC.'!F614 -> 2 | G97: =ROUND(I97+(I97*$G$5),2) -> 313.91 | H97: =ROUND(G97*F97,2) -> 627.82 | I97: 238.13 | J97: =H97/$H$133 -> 0.0013281791
A98: 14.5 | B98: 170603 | C98: DER-ES | D98: Barra de apoio reta em aço inox 304 p/ portadores de necessidades especiais (NBR 9050), largura 80 cm | E98: und | F98: ='MEMÓRIA DE CALC.'!F619 -> 4 | G98: =ROUND(I98+(I98*$G$5),2) -> 224.47 | H98: =ROUND(G98*F98,2) -> 897.88 | I98: 170.28 | J98: =H98/$H$133 -> 0.0018995022
A99: 14.6 | B99: 170304 | C99: DER-ES | D99: Torneira pressão cromada diâm. 1/2" para lavatório, marcas de referência Fabrimar, Deca ou Docol | E99: und | F99: ='MEMÓRIA DE CALC.'!F624 -> 2 | G99: =ROUND(I99+(I99*$G$5),2) -> 269.14 | H99: =ROUND(G99*F99,2) -> 538.28 | I99: 204.17 | J99: =H99/$H$133 -> 0.0011387535
A100: 14.7 | B100: Comp. 01 | C100: MERCADO | D100: Purificador de coluna c/ adaptador p/ cadeirante duplo | E100: und | F100: ='MEMÓRIA DE CALC.'!F628 -> 1 | G100: ='COMP. 01'!E25 -> 2395.3809 | H100: =ROUND(G100*F100,2) -> 2395.38 | J100: =H100/$H$133 -> 0.0050675252
A101: 14.8 | B101: 170539 | C101: DER-ES | D101: Reservatório de polietileno de 500l, inclusive peça de madeira 6x16cm para apoio, exclusive flanges e torneira de bóia | E101: und | F101: ='MEMÓRIA DE CALC.'!F631 -> 1 | G101: =ROUND(I101+(I101*$G$5),2) -> 813.41 | H101: =ROUND(G101*F101,2) -> 813.41 | I101: 617.05 | J101: =H101/$H$133 -> 0.0017208024
A102: 14.9 | B102: 140102 | C102: DER-ES | D102: Fossa séptica de anéis pré-moldados de concreto, diâmetro 1.20 m, altura útil de 1.70m, completa, incluindo tampa c/visita de 60cm, concreto p/fundo esp.10 cm, e tubo para ligação ao filtro | E102: und | F102: ='MEMÓRIA DE CALC.'!F634 -> 1 | G102: =ROUND(I102+(I102*$G$5),2) -> 2831.25 | H102: =ROUND(G102*F102,2) -> 2831.25 | I102: 2147.78 | J102: =H102/$H$133 -> 0.0059896262
...

Sheet BDI
A1: DETALHAMENTO DO BDI
A3: PROPONENTE: | B3: MUNICÍPIO DE VILA PAVÃO - CNPJ:36.350.346/0001-67
A4: OBRA: | B4: AMPLIAÇÃO DA ESCOLA LUIZA DE SOUZA BARROS DE TODOS OS SANTOS, VILA PAVÃO, ES
A6: 1. Regime de Contribuição Previdenciária
B8: Sem Desoneração
A10: 2. Tipo de Intervenção
B12: Edificações
A14: 3. Incidências sobre o custo
B16: Administração Central - A | C16: 0.0406 | D16: %
B17: Administração Local - B | C17: 0.0819 | D17: %
B18: Riscos, Seguros e Garantias Contratuais - E | C18: 0.01 | D18: %
B19: Despesas e Encargos Financeiros - D | C19: 0.0061 | D19: %
B21: Lucro - F | C21: 0.08 | D21: %
A23: 4 – Incidências sobre o preço de venda
B25: Despesas Tributárias - C | C25: 0.0665 | D25: %
B27: Percentual da base de cálculo para o ISS: | C27: 100 | D27: %
B28: Alíquota do ISS (sobre a base de cálculo): | C28: 3 | D28: %
B29: Alíquota Efetivado do ISS | C29: =C28*C27/100 -> 3 | D29: %
B31: COFINS | C31: 3 | D31: %
B32: PIS | C32: 0.65 | D32: %
B33: INSS | C33: =IF(B8="Com Desoneração",4.5,0) -> 0 | D33: %
A35: 5 – Demonstrativo de cálculo do BDI
C37: =(((1+C16+C17+C18)*(1+C19)*(1+C21))/(1-C25))-1 -> 0.31822272
A40: Declaro para os devidos fins que o regime de Contribuição Previdenciária adotado para
A41: =CONCATENATE("elaboração do orçamento foi ",B8,", e que esta é a alternativa mais adequada para ") -> elaboração do orçamento foi Sem Desoneração, e que esta é a alternativa mais adequada para
A42: a Administração Pública.
B46: Graziani Sarde
B47: Eng. Civil CREA-ES 11.150/D

Sheet MEMÓRIA DE CALC.
A1: PREFEITURA MUNICIPAL DE VILA PAVÃO
A2: OBRA: AMPLIAÇÃO DA ESCOLA LUIZA DE SOUZA BARROS DE TODOS OS SANTOS, VILA PAVÃO, ES
A3: MEMORIAL DE CÁLCULO
A4: 1.0 | B4: SERVIÇOES PRELIMINARES
A5: 1.1 | B5: Locação de obra com gabarito de madeira | F5: Área (m²)
B6: Área de Construção | F6: 123.23
D7: Área Total (m²): | F7: =SUM(F6:F6) -> 123.23
A9: 1.2 | B9: Placa da obra | F9: Comprimento | G9: Largura | H9: Área (m²)
F10: 3 | G10: 2 | H10: =F10*G10 -> 6
A12: 1.3 | B12: Barracão para almoxarifado | F12: Comprimento | G12: Largura | H12: Área (m²)
F13: 3.5 | G13: =H13/F13 -> 3.1142857 | H13: 10.9
A15: 1.4 | B15: Barracão para depósito de cimento | F15: Comprimento | G15: Largura | H15: Área (m²)
F16: 3.5 | G16: =H16/F16 -> 3.1142857 | H16: 10.9
A18: 1.5 | B18: Tapume | F18: Comprimento
B19: Frente | F19: 50
E20: Total(m): | F20: =SUM(F19:F19) -> 50
A22: 2.0 | B22: MOVIMENTO DE TERRA
A23: 2.1 | B23: Escavação manual | F23: Comprimento | G23: Largura | H23: Altura | I23: Quantidade de Sapatas | J23: Volume (m³)
B24: Sapatas (Ver Projeto Estrutural)
B25: Escavação da Sapata (S1=S2=S3=S4=S5=S6=S7=S8=S9=S10=S11=S12=S13=S14=S15=S16=S17) | F25: 0.8 | G25: 0.8 | H25: 1.3 | I25: 17 | J25: =F25*G25*H25*I25 -> 14.144
I26: SubTotal (m³): | J26: =SUM(J25:J25) -> 14.144
B28: Escavação das Cintas (Projeto Estrutural) | F28: Comprimento | G28: Largura | H28: Altura | I28: Quantidade de cintas | J28: Volume (m³)
B29: Escavação da Cinta 01 | F29: 14.75 | G29: 0.25 | H29: 0.3 | I29: 1 | J29: =F29*G29*H29 -> 1.10625
B30: Escavação da Cinta 02 | F30: 2.3 | G30: 0.25 | H30: 0.3 | I30: 1 | J30: =F30*G30*H30 -> 0.1725
B31: Escavação da Cinta 03 | F31: 5.1 | G31: 0.25 | H31: 0.3 | I31: 1 | J31: =F31*G31*H31 -> 0.3825
B32: Escavação da Cinta 04 | F32: 1.21 | G32: 0.25 | H32: 0.3 | I32: 1 | J32: =F32*G32*H32 -> 0.09075
B33: Escavação da Cinta 05 | F33: 9.15 | G33: 0.25 | H33: 0.3 | I33: 1 | J33: =F33*G33*H33 -> 0.68625
B34: Escavação da Cinta 06 | F34: 3.1 | G34: 0.25 | H34: 0.3 | I34: 1 | J34: =F34*G34*H34 -> 0.2325
B35: Escavação da Cinta 07 | F35: 13.82 | G35: 0.25 | H35: 0.3 | I35: 1 | J35: =F35*G35*H35 -> 1.0365
B36: Escavação da Cinta 08 | F36: 4.65 | G36: 0.25 | H36: 0.3 | I36: 1 | J36: =F36*G36*H36 -> 0.34875
B37: Escavação da Cinta 09 | F37: 4.25 | G37: 0.25 | H37: 0.3 | I37: 1 | J37: =F37*G37*H37 -> 0.31875
B38: Escavação da Cinta 10 | F38: 4.25 | G38: 0.25 | H38: 0.3 | I38: 1 | J38: =F38*G38*H38 -> 0.31875
B39: Escavação da Cinta 11 | F39: 4.65 | G39: 0.25 | H39: 0.3 | I39: 1 | J39: =F39*G39*H39 -> 0.34875
B40: Escavação da Cinta 12 | F40: 8.75 | G40: 0.25 | H40: 0.3 | I40: 1 | J40: =F40*G40*H40 -> 0.65625
... B43: Escavação da Cinta 15 | F43: 2.75 | G43: 0.25 | H43: 0.3 | I43: 1 | J43: =F43*G43*H43 -> 0.20625
I44: SubTotal (m³): | J44: =SUM(J29:J43) -> 6.477
H45: Total Escavação (m³): | J45: =J44+J26 -> 20.621
A47: 2.2 | B47: Reaterro apiloado | F47: Total Escavação | G47: Volume de Concreto | H47: Reaterro (m³)
B48: Sapatas + Cintas + Pilaretes | F48: =J45 -> 20.621 | G48: =J186 -> 6.31535 | H48: =F48-G48 -> 14.30565
A50: 3.0 | B50: INFRA-ESTRUTURA
A51: 3.1 | B51: Concreto Magro | F51: Comprimento | G51: Largura | H51: Altura | I51: Quantidade de Sapatas | J51: Volume (m³)
B52: Sapatas (Ver Projeto Estrutural)
B53: Concreto Magro na Sapata (S1=S2=S3=S4=S5=S6=S7=S8=S9=S10=S11=S12=S13=S14=S15=S16=S17) | F53: 0.8 | G53: 0.8 | H53: 0.05 | I53: 17 | J53: =F53*G53*H53*I53 -> 0.544
I54: SubTotal (m³): | J54: =ROUND(SUM(J53:J53),2) -> 0.54
B56: Cintas (Ver Projeto Estrutural) | F56: Comprimento | G56: Largura | H56: Altura | I56: Quantidade de cintas | J56: Volume (m³)
B57: Concreto Magro na Cinta 01 | F57: 14.75 | G57: 0.15 | H57: 0.05 | I57: 1 | J57: =F57*G57*H57 -> 0.110625
B58: Concreto Magro na Cinta 02 | F58: 2.3 | G58: 0.15 | H58: 0.05 | I58: 1 | J58: =F58*G58*H58 -> 0.01725
B59: Concreto Magro na Cinta 03 | F59: 5.1 | G59: 0.15 | H59: 0.05 | I59: 1 | J59: =F59*G59*H59 -> 0.03825
B60: Concreto Magro na Cinta 04 | F60: 1.21 | G60: 0.15 | H60: 0.05 | I60: 1 | J60: =F60*G60*H60 -> 0.009075
B61: Concreto Magro na Cinta 05 | F61: 9.15 | G61: 0.15 | H61: 0.05 | I61: 1 | J61: =F61*G61*H61 -> 0.068625
B62: Concreto Magro na Cinta 06 | F62: 3.1 | G62: 0.15 | H62: 0.05 | I62: 1 | J62: =F62*G62*H62 -> 0.02325
B63: Concreto Magro na Cinta 07 | F63: 13.82 | G63: 0.15 | H63: 0.05 | I63: 1 | J63: =F63*G63*H63 -> 0.10365
B64: Concreto Magro na Cinta 08 | F64: 4.65 | G64: 0.15 | H64: 0.05 | I64: 1 | J64: =F64*G64*H64 -> 0.034875
B65: Concreto Magro na Cinta 09 | F65: 4.25 | G65: 0.15 | H65: 0.05 | I65: 1 | J65: =F65*G65*H65 -> 0.031875
B66: Concreto Magro na Cinta 10 | F66: 4.25 | G66: 0.15 | H66: 0.05 | I66: 1 | J66: =F66*G66*H66 -> 0.031875
B67: Concreto Magro na Cinta 11 | F67: 4.65 | G67: 0.15 | H67: 0.05 | I67: 1 | J67: =F67*G67*H67 -> 0.034875
B68: Concreto Magro na Cinta 12 | F68: 8.75 | G68: 0.15 | H68: 0.05 | I68: 1 | J68: =F68*G68*H68 -> 0.065625
... B71: Concreto Magro na Cinta 15 | F71: 2.75 | G71: 0.15 | H71: 0.05 | I71: 1 | J71: =F71*G71*H71 -> 0.020625
I72: SubTotal (m³): | J72: =SUM(J57:J71) -> 0.6477
H73: Total Concreto Magro (m³): | J73: =J72+J54 -> 1.1877
A75: 3.2 | B75: Armadura CA-50 A média, diâmetro de 6.3 a 10.0 mm
F76: Comprimento | G76: Unidades | H76: Direções | I76: Quantidades | J76: SubTotal (m³):
B77: Armadura CA-50 A na Sapata (S1=S2=S3=S4=S5=S6=S7=S8=S9=S10=S11=S12=S13=S14=S15=S16=S17) | F77: 0.9 | G77: 6 | H77: 2 | I77: 17 | J77: =F77*G77*H77*I77 -> 183.6
I78: SubTotal (m): | J78: =J77 -> 183.6
B80: PILARETES (Ver Projeto Estrutural) | F80: Comprimento | G80: Unidades | H80: Repetições | I80: Quantidade | J80: SubTotal (m³):
B81: Armadura CA-50 A no pilarete (P1=P2=P3=P4=P5=P6=P7=P8=P9=P10=P11=P12=P13=P14=P15) | F81: 1.7 | G81: 6 | H81: 1 | I81: 15 | J81: =F81*G81*H81*I81 -> 153
B82: Armadura CA-50 A no pilarete (P16=P17) | F82: 1.7 | G82: 6 | H82: 1 | I82: 2 | J82: =F82*G82*H82*I82 -> 20.4
I83: SubTotal (m): | J83: =SUM(J81:J82) -> 173.4
B85: Cintas (Ver Projeto Estrutural) | F85: Comprimento | G85: Unidades | H85: Repetições | I85: SubTotal (m³):
B86: Armadura CA-50 A na Cinta 01 | F86: 14.75 | G86: 4 | H86: 1 | I86: =F86*G86*H86 -> 59
B87: Armadura CA-50 A na Cinta 02 | F87: 2.3 | G87: 4 | H87: 1 | I87: =F87*G87*H87 -> 9.2
B88: Armadura CA-50 A na Cinta 03 | F88: 5.1 | G88: 4 | H88: 1 | I88: =F88*G88*H88 -> 20.4
B89: Armadura CA-50 A na Cinta 04 | F89: 1.21 | G89: 4 | H89: 1 | I89: =F89*G89*H89 -> 4.84
B90: Armadura CA-50 A na Cinta 05 | F90: 9.15 | G90: 4 | H90: 1 | I90: =F90*G90*H90 -> 36.6
B91: Armadura CA-50 A na Cinta 06 | F91: 3.1 | G91: 4 | H91: 1 | I91: =F91*G91*H91 -> 12.4
B92: Armadura CA-50 A na Cinta 07 | F92: 13.82 | G92: 4 | H92: 1 | I92: =F92*G92*H92 -> 55.28
B93: Armadura CA-50 A na Cinta 08 | F93: 4.65 | G93: 4 | H93: 1 | I93: =F93*G93*H93 -> 18.6
B94: Armadura CA-50 A na Cinta 09 | F94: 4.25 | G94: 4 | H94: 1 | I94: =F94*G94*H94 -> 17
B95: Armadura CA-50 A na Cinta 10 | F95: 4.25 | G95: 4 | H95: 1 | I95: =F95*G95*H95 -> 17
B96: Armadura CA-50 A na Cinta 11 | F96: 4.65 | G96: 4 | H96: 1 | I96: =F96*G96*H96 -> 18.6
B97: Armadura CA-50 A na Cinta 12 | F97: 8.75 | G97: 4 | H97: 1 | I97: =F97*G97*H97 -> 35
... B100: Armadura CA-50 A na Cinta 15 | F100: 2.75 | G100: 4 | H100: 1 | I100: =F100*G100*H100 -> 11
F101: SubTotal (m): | I101: =SUM(I86:I100) -> 345.44
F103: Total Aço (m): | I103: =J78+J83+I101 -> 702.44
H104: Coeficiente (0,617kg/m) | I104: 0.617
G105: AÇO TOTAL EM KG | I105: =I103*I104*1.1 -> 476.74603 | J105: OBS: CONSIDERADO MAIS 10%
A108: 3.3 | B108: Armadura CA-60 B fina, diâmetro de 4.0 a 7.0mm
F109: Comprimento da Cinta | G109: Espaçamento dos Estribos | H109: Quantidade de Estribos | I109: Comprimento do Estribo | J109: Subtotal: (m)
B110: Cintas (Ver Projeto Estrutural) | H110: (Comp. / Espaç) +1
B111: Armadura CA-50 A na Cinta 01 | F111: 14.75 | G111: 0.15 | H111: =ROUND((F111/G111)+1,0) -> 99 | I111: 0.66 | J111: =H111*I111 -> 65.34
B112: Armadura CA-50 A na Cinta 02 | F112: 2.3 | G112: 0.15 | H112: =ROUND((F112/G112)+1,0) -> 16 | I112: 0.66 | J112: =H112*I112 -> 10.56
B113: Armadura CA-50 A na Cinta 03 | F113: 5.1 | G113: 0.15 | H113: =ROUND((F113/G113)+1,0) -> 35 | I113: 0.66 | J113: =H113*I113 -> 23.1
B114: Armadura CA-50 A na Cinta 04 | F114: 1.21 | G114: 0.15 | H114: =ROUND((F114/G114)+1,0) -> 9 | I114: 0.66 | J114: =H114*I114 -> 5.94
B115: Armadura CA-50 A na Cinta 05 | F115: 9.15 | G115: 0.15 | H115: =ROUND((F115/G115)+1,0) -> 62 | I115: 0.66 | J115: =H115*I115 -> 40.92
B116: Armadura CA-50 A na Cinta 06 | F116: 3.1 | G116: 0.15 | H116: =ROUND((F116/G116)+1,0) -> 22 | I116: 0.66 | J116: =H116*I116 -> 14.52
B117: Armadura CA-50 A na Cinta 07 | F117: 13.82 | G117: 0.15 | H117: =ROUND((F117/G117)+1,0) -> 93 | I117: 0.66 | J117: =H117*I117 -> 61.38
B118: Armadura CA-50 A na Cinta 08 | F118: 4.65 | G118: 0.15 | H118: =ROUND((F118/G118)+1,0) -> 32 | I118: 0.66 | J118: =H118*I118 -> 21.12
B119: Armadura CA-50 A na Cinta 09 | F119: 4.25 | G119: 0.15 | H119: =ROUND((F119/G119)+1,0) -> 29 | I119: 0.66 | J119: =H119*I119 -> 19.14
B120: Armadura CA-50 A na Cinta 10 | F120: 4.25 | G120: 0.15 | H120: =ROUND((F120/G120)+1,0) -> 29 | I120: 0.66 | J120: =H120*I120 -> 19.14
B121: Armadura CA-50 A na Cinta 11 | F121: 4.65 | G121: 0.15 | H121: =ROUND((F121/G121)+1,0) -> 32 | I121: 0.66 | J121: =H121*I121 -> 21.12
...

Sheet CRONOGRAMA
A1: PREFEITURA MUNICIPAL DE VILA PAVÃO
A2: OBRA: AMPLIAÇÃO DA ESCOLA LUIZA DE SOUZA BARROS DE TODOS OS SANTOS, VILA PAVÃO, ES
A3: ITEM | B3: SERVIÇO | C3: VALORES DO ITEM | E3: MÊS 01 | F3: MÊS 02 | G3: MÊS 03 | H3: MÊS 04 | I3: MÊS 05 | J3: MÊS 06 | K3: MÊS 07 | L3: Total
C4: R$ | D4: %
A5: 1 | B5: ='PLANILHA ORÇ.'!D12 -> SERVIÇOES PRELIMINARES | C5: ='PLANILHA ORÇ.'!H18 -> 34768.75 | D5: =C5/C41 -> 0.073554725 | E5: =$C5*E6 -> 34768.75 | F5: =$C5*F6 -> 0 | G5: =$C5*G6 -> 0 | H5: =$C5*H6 -> 0 | I5: =$C5*I6 -> 0 | J5: =$C5*J6 -> 0 | K5: =$C5*K6 -> 0 | L5: =SUM(E5:K5) -> 34768.75 | M5: =C5-(SUM(E5:L5)) -> -34768.75
E6: 1 | F6: 0 | G6: 0 | H6: 0 | I6: 0 | J6: 0 | K6: 0 | M6: =SUM(E6:L6) -> 1
A7: 2 | B7: ='PLANILHA ORÇ.'!D19 -> MOVIMENTO DE TERRA | C7: ='PLANILHA ORÇ.'!H22 -> 2605.36 | D7: =C7/C41 -> 0.0055117466 | E7: =$C7*E8 -> 2605.36 | F7: =$C7*F8 -> 0 | G7: =$C7*G8 -> 0 | H7: =$C7*H8 -> 0 | I7: =$C7*I8 -> 0 | J7: =$C7*J8 -> 0 | K7: =$C7*K8 -> 0 | L7: =SUM(E7:K7) -> 2605.36 | M7: =C7-(SUM(E7:L7)) -> -2605.36
E8: 1 | F8: 0 | G8: 0 | H8: 0 | I8: 0 | J8: 0 | K8: 0 | M8: =SUM(E8:L8) -> 1
A9: 3 | B9: ='PLANILHA ORÇ.'!D23 -> INFRA-ESTRUTURA | C9: ='PLANILHA ORÇ.'!H29 -> 22825.22 | D9: =C9/C41 -> 0.048287695 | E9: =$C9*E10 -> 2282.522 | F9: =$C9*F10 -> 20542.698 | G9: =$C9*G10 -> 0 | H9: =$C9*H10 -> 0 | I9: =$C9*I10 -> 0 | J9: =$C9*J10 -> 0 | K9: =$C9*K10 -> 0 | L9: =SUM(E9:K9) -> 22825.22 | M9: =C9-(SUM(E9:L9)) -> -22825.22
E10: 0.1 | F10: 0.9 | G10: 0 | H10: 0 | I10: 0 | J10: 0 | K10: 0 | M10: =SUM(E10:L10) -> 1
A11: 4 | B11: ='PLANILHA ORÇ.'!D30 -> SUPER-ESTRUTURA | C11: ='PLANILHA ORÇ.'!H37 -> 27227.58 | D11: =C11/C41 -> 0.057601069 | E11: =$C11*E12 -> 0 | F11: =$C11*F12 -> 13613.79 | G11: =$C11*G12 -> 13613.79 | H11: =$C11*H12 -> 0 | I11: =$C11*I12 -> 0 | J11: =$C11*J12 -> 0 | K11: =$C11*K12 -> 0 | L11: =SUM(E11:K11) -> 27227.58 | M11: =C11-(SUM(E11:L11)) -> -27227.58
E12: 0 | F12: 0.5 | G12: 0.5 | H12: 0 | I12: 0 | J12: 0 | K12: 0 | M12: =SUM(E12:L12) -> 1
A13: 5 | B13: VERGA/ALVENARIA | C13: ='PLANILHA ORÇ.'!H41 -> 35705.51 | D13: =C13/C41 -> 0.07553648 | E13: =$C13*E14 -> 0 | F13: =$C13*F14 -> 0 | G13: =$C13*G14 -> 17852.755 | H13: =$C13*H14 -> 17852.755 | I13: =$C13*I14 -> 0 | J13: =$C13*J14 -> 0 | K13: =$C13*K14 -> 0 | L13: =SUM(E13:K13) -> 35705.51 | M13: =C13-(SUM(E13:L13)) -> -35705.51
E14: 0 | F14: 0 | G14: 0.5 | H14: 0.5 | I14: 0 | J14: 0 | K14: 0 | M14: =SUM(E14:L14) -> 1
A15: 6 | B15: ESQUADRIAS DE MADEIRAS | C15: ='PLANILHA ORÇ.'!H45 -> 9814 | D15: =C15/C41 -> 0.020761922 | E15: =$C15*E16 -> 0 | F15: =$C15*F16 -> 0 | G15: =$C15*G16 -> 0 | H15: =$C15*H16 -> 4907 | I15: =$C15*I16 -> 4907 | J15: =$C15*J16 -> 0 | K15: =$C15*K16 -> 0 | L15: =SUM(E15:K15) -> 9814 | M15: =C15-(SUM(E15:L15)) -> -9814
E16: 0 | F16: 0 | G16: 0 | H16: 0.5 | I16: 0.5 | J16: 0 | K16: 0 | M16: =SUM(E16:L16) -> 1
A17: 7 | B17: ESQUADRIAS DE METAL E VIDRO | C17: ='PLANILHA ORÇ.'!H51 -> 19535.14 | D17: =C17/C41 -> 0.041327395 | E17: =$C17*E18 -> 0 | F17: =$C17*F18 -> 0 | G17: =$C17*G18 -> 0 | H17: =$C17*H18 -> 9767.57 | I17: =$C17*I18 -> 9767.57 | J17: =$C17*J18 -> 0 | K17: =$C17*K18 -> 0 | L17: =SUM(E17:K17) -> 19535.14 | M17: =C17-(SUM(E17:L17)) -> -19535.14
E18: 0 | F18: 0 | G18: 0 | H18: 0.5 | I18: 0.5 | J18: 0 | K18: 0 | M18: =SUM(E18:L18) -> 1
A19: 8 | B19: VIDROS/ESPELHOS | C19: ='PLANILHA ORÇ.'!H55 -> 5444.45 | D19: =C19/C41 -> 0.011517959 | E19: =$C19*E20 -> 0 | F19: =$C19*F20 -> 0 | G19: =$C19*G20 -> 0 | H19: =$C19*H20 -> 0 | I19: =$C19*I20 -> 5444.45 | J19: =$C19*J20 -> 0 | K19: =$C19*K20 -> 0 | L19: =SUM(E19:K19) -> 5444.45 | M19: =C19-(SUM(E19:L19)) -> -5444.45
E20: 0 | F20: 0 | G20: 0 | H20: 0 | I20: 1 | J20: 0 | K20: 0 | M20: =SUM(E20:L20) -> 1
A21: 9 | B21: COBERTURA | C21: ='PLANILHA ORÇ.'!H59 -> 126583.45 | D21: =C21/C41 -> 0.26779251 | E21: =$C21*E22 -> 0 | F21: =$C21*F22 -> 0 | G21: =$C21*G22 -> 63291.725 | H21: =$C21*H22 -> 63291.725 | I21: =$C21*I22 -> 0 | J21: =$C21*J22 -> 0 | K21: =$C21*K22 -> 0 | L21: =SUM(E21:K21) -> 126583.45 | M21: =C21-(SUM(E21:L21)) -> -126583.45
E22: 0 | F22: 0 | G22: 0.5 | H22: 0.5 | I22: 0 | J22: 0 | K22: 0 | M22: =SUM(E22:L22) -> 1
A23: 10 | B23: REVESTIMENTO DE TETO | C23: ='PLANILHA ORÇ.'!H62 -> 5094.6 | D23: =C23/C41 -> 0.010777836 | E23: =$C23*E24 -> 0 | F23: =$C23*F24 -> 0 | G23: =$C23*G24 -> 0 | H23: =$C23*H24 -> 2547.3 | I23: =$C23*I24 -> 2547.3 | J23: 0 | K23: 0 | L23: =SUM(E23:K23) -> 5094.6 | M23: =C23-(SUM(E23:L23)) -> -5094.6
E24: 0 | F24: 0 | G24: 0 | H24: 0.5 | I24: 0.5 | J24: 0 | K24: 0 | M24: =SUM(E24:L24) -> 1
A25: 11 | B25: REVESTIMENTO DE PAREDES | C25: ='PLANILHA ORÇ.'!H69 -> 49208.86 | D25: =C25/C41 -> 0.10410337 | E25: =$C25*E26 -> 0 | F25: =$C25*F26 -> 0 | G25: =$C25*G26 -> 0 | H25: =$C25*H26 -> 0 | I25: =$C25*I26 -> 24604.43 | J25: =$C25*J26 -> 24604.43 | K25: =$C25*K26 -> 0 | L25: =SUM(E25:K25) -> 49208.86 | M25: =C25-(SUM(E25:L25)) -> -49208.86
E26: 0 | F26: 0 | G26: 0 | H26: 0 | I26: 0.5 | J26: 0.5 | K26: 0 | M26: =SUM(E26:L26) -> 1
A27: 12 | B27: PISOS | C27: ='PLANILHA ORÇ.'!H78 -> 51846.5 | D27: =C27/C41 -> 0.10968341 | E27: =$C27*E28 -> 0 | F27: =$C27*F28 -> 0 | G27: =$C27*G28 -> 0 | H27: =$C27*H28 -> 0 | I27: =$C27*I28 -> 25923.25 | J27: =$C27*J28 -> 25923.25 | K27: =$C27*K28 -> 0 | L27: =SUM(E27:K27) -> 51846.5 | M27: =C27-(SUM(E27:L27)) -> -51846.5
E28: 0 | F28: 0 | G28: 0 | H28: 0 | I28: 0.5 | J28: 0.5 | K28: 0 | M28: =SUM(E28:L28) -> 1
A29: 13 | B29: PONTOS HIDRO-SANITÁRIOS | C29: ='PLANILHA ORÇ.'!H92 -> 8105.06 | D29: =C29/C41 -> 0.017146589 | E29: =$C29*E30 -> 0 | F29: =$C29*F30 -> 2431.518 | G29: =$C29*G30 -> 2431.518 | H29: =$C29*H30 -> 3242.024 | I29: =$C29*I30 -> 0 | J29: =$C29*J30 -> 0 | K29: =$C29*K30 -> 0 | L29: =SUM(E29:K29) -> 8105.06 | M29: =C29-(SUM(E29:L29)) -> -8105.06
E30: 0 | F30: 0.3 | G30: 0.3 | H30: 0.4 | I30: 0 | J30: 0 | K30: 0 | M30: =SUM(E30:L30) -> 1
A31: 14 | B31: APARELHOS SANITARIOS. | C31: ='PLANILHA ORÇ.'!H105 -> 25387.94 | D31: =C31/C41 -> 0.053709235 | E31: =$C31*E32 -> 0 | F31: =$C31*F32 -> 0 | G31: =$C31*G32 -> 0 | H31: =$C31*H32 -> 0 | I31: =$C31*I32 -> 12693.97 | J31: =$C31*J32 -> 12693.97 | K31: =$C31*K32 -> 0 | L31: =SUM(E31:K31) -> 25387.94 | M31: =C31-(SUM(E31:L31)) -> -25387.94
E32: 0 | F32: 0 | G32: 0 | H32: 0 | I32: 0.5 | J32: 0.5 | K32: 0 | M32: =SUM(E32:L32) -> 1
A33: 15 | B33: PONTOS ELETRICOS | C33: ='PLANILHA ORÇ.'!H116 -> 14831.45 | D33: =C33/C41 -> 0.031376544 | E33: =$C33*E34 -> 0 | F33: =$C33*F34 -> 4449.435 | G33: =$C33*G34 -> 4449.435 | H33: =$C33*H34 -> 5932.58 | I33: =$C33*I34 -> 0 | J33: =$C33*J34 -> 0 | K33: =$C33*K34 -> 0 | L33: =SUM(E33:K33) -> 14831.45 | M33: =C33-(SUM(E33:L33)) -> -14831.45
E34: 0 | F34: 0.3 | G34: 0.3 | H34: 0.4 | I34: 0 | J34: 0 | K34: 0 | M34: =SUM(E34:L34) -> 1
A35: 16 | B35: APARELHOS ELETRICOS | C35: ='PLANILHA ORÇ.'!H123 -> 7213.04 | D35: =C35/C41 -> 0.015259484 | E35: =$C35*E36 -> 0 | F35: =$C35*F36 -> 0 | G35: =$C35*G36 -> 0 | H35: =$C35*H36 -> 0 | I35: =$C35*I36 -> 3606.52 | J35: =$C35*J36 -> 3606.52 | K35: =$C35*K36 -> 0 | L35: =SUM(E35:K35) -> 7213.04 | M35: =C35-(SUM(E35:L35)) -> -7213.04
E36: 0 | F36: 0 | G36: 0 | H36: 0 | I36: 0.5 | J36: 0.5 | K36: 0 | M36: =SUM(E36:L36) -> 1
A37: 17 | B37: PINTURA e EMASSAMENTO | C37: ='PLANILHA ORÇ.'!H129 -> 24575.44 | D37: =C37/C41 -> 0.051990357 | E37: =$C37*E38 -> 0 | F37: =$C37*F38 -> 0 | G37: =$C37*G38 -> 0 | H37: =$C37*H38 -> 0 | I37: =$C37*I38 -> 4915.088 | J37: =$C37*J38 -> 12287.72 | K37: =$C37*K38 -> 7372.632 | L37: =SUM(E37:K37) -> 24575.44 | M37: =C37-(SUM(E37:L37)) -> -24575.44
E38: 0 | F38: 0 | G38: 0 | H38: 0 | I38: 0.2 | J38: 0.5 | K38: 0.3 | M38: =SUM(E38:L38) -> 1
A39: 18 | B39: DIVERSOS | C39: ='PLANILHA ORÇ.'!H132 -> 1919.92 | D39: =C39/C41 -> 0.00406167 | E39: =$C39*E40 -> 0 | F39: =$C39*F40 -> 0 | G39: =$C39*G40 -> 0 | H39: =$C39*H40 -> 0 | I39: =$C39*I40 -> 0 | J39: =$C39*J40 -> 0 | K39: =$C39*K40 -> 1919.92 | L39: =SUM(E39:K39) -> 1919.92 | M39: =C39-(SUM(E39:L39)) -> -1919.92
E40: 0 | F40: 0 | G40: 0 | H40: 0 | I40: 0 | J40: 0 | K40: 1 | M40: =SUM(E40:L40) -> 1
B41: TOTAL COM BDI | C41: =SUM(C5:C40) -> 472692.27 | D41: =SUM(D5:D40) -> 1 | M41: =SUM(E41:L41) -> 0
A42: VALOR DO SERVIÇO EXECUTADO NO MÊS | D42: R$ | E42: =E5+E37+E35+E33+E31+E29+E27+E25+E23+E21+E19+E17+E15+E13+E11+E7+E9+E39 -> 39656.632 | F42: =F5+F37+F35+F33+F31+F29+F27+F25+F23+F21+F19+F17+F15+F13+F11+F7+F9+F39 -> 41037.441 | G42: =G5+G37+G35+G33+G31+G29+G27+G25+G23+G21+G19+G17+G15+G13+G11+G7+G9+G39 -> 101639.22 | H42: =H5+H37+H35+H33+H31+H29+H27+H25+H23+H21+H19+H17+H15+H13+H11+H7+H9+H39 -> 107540.95 | I42: =I5+I37+I35+I33+I31+I29+I27+I25+I23+I21+I19+I17+I15+I13+I11+I7+I9+I39 -> 94409.578 | J42: =J5+J37+J35+J33+J31+J29+J27+J25+J23+J21+J19+J17+J15+J13+J11+J7+J9+J39 -> 79115.89 | K42: =K5+K37+K35+K33+K31+K29+K27+K25+K23+K21+K19+K17+K15+K13+K11+K7+K9+K39 -> 9292.552 | L42: =L5+L37+L35+L33+L31+L29+L27+L25+L23+L21+L19+L17+L15+L13+L11+L7+L9+L39 -> 472692.27 | M42: =C41-(SUM(E42:L42)) -> -472692.27
A43: PORCENTAGEM | D43: % | E43: =E42/$C$41 -> 0.083895241 | F43: =F42/$C$41 -> 0.0868164 | G43: =G42/$C$41 -> 0.21502197 | H43: =H42/$C$41 -> 0.22750733 | I43: =I42/$C$41 -> 0.19972736 | J43: =J42/$C$41 -> 0.16737293 | K43: =K42/$C$41 -> 0.019658777 | L43: =L42/$C$41 -> 1 | M43: =SUM(E43:L43) -> 2
A44: VALOR ACUMULADO DOS SERVIÇOS EXECUTADOS | D44: R$ | E44: =E42 -> 39656.632 | F44: =E44+F42 -> 80694.073 | G44: =F44+G42 -> 182333.3 | H44: =G44+H42 -> 289874.25 | I44: =H44+I42 -> 384283.83 | J44: =I44+J42 -> 463399.72 | K44: =J44+K42 -> 472692.27
A45: PORCENTAGEM ACUMULADO | D45: % | E45: =E44/$C$41 -> 0.083895241 | F45: =F44/$C$41 -> 0.17071164 | G45: =G44/$C$41 -> 0.38573361 | H45: =H44/$C$41 -> 0.61324094 | I45: =I44/$C$41 -> 0.81296829 | J45: =J44/$C$41 -> 0.98034122 | K45: =K44/$C$41 -> 1
B49: Graziani Sarde
B50: Eng. Civil CREA-ES 11.150/D

Sheet COMP. 01
A1: COMPOSIÇÃO 01
A2: Serviço: PURIFICADOR DE COLUNA C/ ADAPTADOR P/ CADEIRANTE DUPLO | F2: Unidade: | G2: Data:
A3: OBRA: AMPLIAÇÃO DA ESCOLA LUIZA DE SOUZA BARROS DE TODOS OS SANTOS, VILA PAVÃO, ES | F3: UNID | G3: 45180
A4: Referência: MERCADO
A5: Especificação
A6: Especificação | B6: Unidade | C6: Quantidade | D6: Pr. Unit. | E6: TOTAL | F6: Referência | G6: Código
A7: 1 - MATERIAL
A8: PURIFICADOR DE COLUNA C/ ADAPTADOR P/ CADEIRANTE DUPLO | B8: und | C8: 1 | D8: =C22 -> 2072.6667 | E8: =C22 -> 2072.6667 | F8: MERCADO
A11: SubTotal: | E11: =E8 -> 2072.6667
A12: 2 - Leis Sociais
A14: 3 - BDI Adicionais sobre custo direto: eventuais, administração central, impostos, transportes e lucros | D14: 0.1557 | E14: =E11*D14 -> 322.7142
A16: COTAÇÃO DE PREÇO DE MERCADO
A17: Fornecedor | C17: Valor
A18: ALEMPEQ | C18: 1999
A19: POLI | C19: 2100
A20: LM COMERCIAL | C20: 2119
A22: Preço MÉDIO | C22: =(C18+C19+C20)/3 -> 2072.6667
A25: 4 - PREÇO FINAL | E25: =E11+E14 -> 2395.3809
D31: GRAZIANI SARDE
D32: Engenheiro Civil - CREA-ES 011.150/D
